AoeStats
← jess

Arabia

510707742Analyzed
1v1 RM · 10h ago on Oct 2, 2026· 50m 39s· 2 players
Game mode
Random Map
Map size
Tiny (2 player)
Population
200
Speed
Normal
Resources
Standard
Victory
Conquest
Starting age
Dark Age
Ending age
Imperial Age
RankedLock teamsTeams togetherTeam positionsShared explorationLock speedFull tech treeHidden civsTurbo modeCheats
Victory
Defeat
🇨🇳 Franks · China
1007
+17
🇻🇪 Maya · Venezuela
1022
-17
Ken
11:38 Feudal Age
14:25 Double-Bit Axe
21:01 Castle Age
19:25 Stone Mining
22:27 Scale Barding Armor
22:33 Forging
22:23 Loom
23:07 Husbandry
26:21 Wheelbarrow
27:10 Gold Mining
33:34 Bow Saw
36:56 Imperial Age
34:48 Fletching
34:59 Padded Archer Armor
36:52 Chain Barding Armor
37:08 Iron Casting
36:54 Scale Mail Armor
36:50 Bodkin Arrow
37:49 Treadmill Crane
39:10 Chemistry
38:50 Conscription
39:20 Plate Barding Armor
38:41 Bodkin Arrow
39:08 Cavalier
39:56 Murder Holes
41:38 Ballistics
42:53 Gold Shaft Mining
44:04 Blast Furnace
43:23 Paladin
49:37 Chivalry
jess
0:27 Loom
10:30 Feudal Age
11:23 Double-Bit Axe
13:43 Horse Collar
19:34 Castle Age
17:45 Gold Mining
18:49 Wheelbarrow
20:38 Bow Saw
19:57 Crossbowman
20:05 Pikeman
20:46 Squires
21:44 Fletching
23:38 Town Watch
24:11 Heavy Plow
25:57 Bodkin Arrow
26:02 Scale Mail Armor
29:08 Ballistics
28:50 Stone Mining
32:47 Chain Mail Armor
32:43 Forging
36:51 Imperial Age
34:55 Thumb Ring
35:56 Iron Casting
37:10 Arbalester
37:52 Bracer
38:23 Plate Mail Armor
37:16 Halberdier
45:50 Chemistry
Connection lost

Rejoining the realm…

Still unreachable

The connection could not be restored.

Session expired

The server has moved on; the page needs a fresh start.